 Dungeon Crawl Stone Soup version 0.20-a0-1015-g2ec8a95 (webtiles) character file.

11612 Monsterracer the Destroyer (level 11, -11/69 HPs)
             Began as a Tengu Conjurer on Apr 15, 2017.
             Was a Priest of Vehumet.
             Mangled by Lochraine's ghost (26 damage)
             ... on level 2 of the Lair of Beasts.
             The game lasted 01:10:38 (14669 turns).

Monsterracer the Destroyer (Tengu Conjurer)        Turns: 14669, Time: 01:10:39

Health: -11/69     AC: 11    Str:  8    XL:     11   Next: 80%
Magic:  4/21       EV: 17    Int: 26    God:    Vehumet [***...]
Gold:   854        SH:  5    Dex: 14    Spells: 2/22 levels left

rFire    . . .     SeeInvis .   M - +1 long sword (freeze)
rCold    + . .     Gourm    .   L - +0 buckler
rNeg     . . .     Faith    .   P - +0 troll leather armour
rPois    .         Spirit   .   (helmet restricted)
rElec    .         Reflect  .   v - +1 cloak
rCorr    .         Harm     .   y - +0 pair of gloves of Yredelemnul's Whim {rC+}
MR       .....                  (boots unavailable)
Stlth    ++........             (no amulet)
Regen    0.7/turn               g - +4 ring of protection
MPRegen  0.2/turn               J - +6 ring of intelligence

@: no status effects
A: beak, talons 3, able to fly 1
a: Fly, Renounce Religion


You were on level 2 of the Lair of Beasts.
You worshipped Vehumet.
Vehumet was most pleased with you.
You were hungry.

You visited 3 branches of the dungeon, and saw 13 of its levels.
You also visited: Ossuary.

You collected 854 gold pieces.

Inventory:

Hand Weapons
 M - a +1 long sword of freezing (weapon)
Armour
 v - a +1 cloak (worn)
 y - the +0 pair of gloves of Yredelemnul's Whim (worn) {rC+}
   (You found it on level 4 of the Dungeon)

   It protects you from cold.
 H - a cursed +0 shield
 L - a +0 buckler (worn)
 P - a +0 troll leather armour (worn)
Jewellery
 d - an uncursed ring of positive energy
 e - an uncursed ring of ice
 g - a +4 ring of protection (left hand)
 h - an uncursed ring of positive energy
 i - an uncursed ring of ice
 j - an uncursed ring of protection from magic
 J - a +6 ring of intelligence (right hand)
 T - an uncursed ring of protection from fire
Wands
 p - a wand of paralysis (5/24)
 G - a wand of acid (5/15)
 K - a wand of polymorph (15/24)
 O - a wand of disintegration (17/24)
Scrolls
 l - a scroll of identify
 n - 5 scrolls of teleportation
 o - 5 scrolls of recharging
 B - 2 scrolls of magic mapping
 C - 4 scrolls of remove curse
 D - 4 scrolls of enchant weapon
 N - a scroll of fog
 Q - a scroll of enchant armour
 R - a scroll of fear
Potions
 a - a potion of heal wounds
 f - a potion of might
 m - a potion of berserk rage
 q - a potion of brilliance
 t - 3 potions of flight
 u - 2 potions of magic
 w - a potion of resistance
 x - 2 potions of cancellation
 z - 2 potions of agility
 E - a potion of lignification
 F - a potion of invisibility
 I - 2 potions of haste
 S - a potion of ambrosia
Books
 b - a book of Conjurations

   Spells                             Type                      Level
   a - Magic Dart                     Conjuration                  1
   b - Searing Ray                    Conjuration                  2
   c - Dazzling Spray                 Conjuration/Hexes            3
   d - Fulminant Prism                Conjuration/Hexes            4
   e - Force Lance                    Conjuration/Translocation    4
   f - Iskenderun's Mystic Blast      Conjuration                  4
 s - a book of Cantrips

   Spells                             Type                      Level
   a - Confusing Touch                Hexes                        1
   b - Animate Skeleton               Necromancy                   1
   c - Summon Small Mammal            Summoning                    1
   d - Apportation                    Translocation                1
Comestibles
 c - 11 bread rations
 k - 11 fruits
 r - 3 meat rations
 A - 2 royal jellies


   Skills:
 + Level 8.4 Fighting
   Level 6.5(7.5) Short Blades
 * Level 5.6(7.0) Long Blades
 - Level 2.1 Armour
 + Level 9.5 Dodging
 - Level 2.0 Stealth
 - Level 4.0 Shields
 - Level 6.0 Spellcasting
 - Level 13.0 Conjurations
 - Level 3.0 Hexes
 - Level 2.0 Fire Magic
 - Level 3.0 Air Magic


You had 2 spell levels left.
You knew the following spells:

 Your Spells              Type           Power        Failure   Level  Hunger
a - Magic Dart            Conj           ####         1%          1    None
b - Searing Ray           Conj           ######       1%          2    None
c - Force Lance           Conj/Tloc      #####...     2%          4    ###....
d - Fulminant Prism       Conj/Hex       #####.....   1%          4    ###....
e - Dazzling Spray        Conj/Hex       #####.       1%          3    None
f - Summon Small Mammal   Summ           #...         12%         1    None
g - Apportation           Tloc           #.....       12%         1    None
h - Flame Tongue          Conj/Fire      #####        1%          1    None
i - Mephitic Cloud        Conj/Pois/Air  #####...     1%          3    None


Dungeon Overview and Level Annotations

Branches:
Dungeon (10/15)            Temple (1/1) D:4            Lair (2/6) D:8
  Swamp (0/4) Lair:2          Orc (0/2) D:10
  Snake: Lair:2-4    Spider: Lair:2-4

Altars:
Ashenzari
Cheibriados
Dithmenos
Elyvilon
Fedhas
Gozag
Hepliaklqana
Kikubaaqudgha
Makhleb
Nemelex Xobeh
Okawaru
Qazlal
Ru
Sif Muna
Trog
Uskayaw
Vehumet
Wu Jian
Xom
Yredelemnul
Zin
The Shining One

Annotations:
Lair:2 Lochraine's ghost, journeyman TrWr


Innate Abilities, Weirdness & Mutations

You have a beak for a mouth.
You have claws for feet.
You can fly.


Message History

Press: ? - help, Shift-Dir - straight line, f/p - Lochraine's ghost
Aim: Lochraine's ghost (moderately damaged)
The searing ray misses Lochraine's ghost. (Press . to maintain the ray.) Lochraine's ghost hits you!!
The searing ray hits Lochraine's ghost.
Lochraine's ghost is moderately damaged.
Lochraine's ghost closely misses you.
You riposte.
You closely miss Lochraine's ghost.
You claw Lochraine's ghost, but do no damage.
Lochraine's ghost is moderately damaged.
The searing ray hits Lochraine's ghost.
Lochraine's ghost is heavily damaged.
Lochraine's ghost hits you!
The searing ray hits Lochraine's ghost.
Lochraine's ghost is severely damaged.
You finish channeling your searing ray.
Lochraine's ghost hits you!
* * * LOW HITPOINT WARNING * * *
Lochraine's ghost hits you!!
You die...

#...P.....#.#
##..#...."..#
#......(.#.#
##........).#
#............
##........#.#
#...P.......#
##..#W.#.##..
#..@........
#...........
#....รท......
#...........
#..##.###...
#..P .. ...
.... ... ..
#P.. ....
#... ....


You could see Lochraine's ghost.

Vanquished Creatures
  A hydra (Lair:1)
  A two-headed ogre (D:9)
  2 spiny frogs (Lair:1)
  A komodo dragon (Lair:1)
  3 trolls
  The ghost of Kite the Chopper, an amateur MiBe of Trog (D:3)
  A hornet (D:9)
  3 blink frogs
  2 hippogriffs (Lair:1)
  A spriggan (D:7)
  Sigmund (D:5)
  A basilisk (Lair:1)
  Menkaure (D:4)
  2 water moccasins (Lair:1)
  4 porcupines
  5 sky beasts
  10 orc warriors
  2 black bears
  5 ice beasts
  5 phantoms
  4 centaurs
  3 ogres
  A crocodile (Lair:1)
  2 big kobolds
  13 bullfrogs
  A wyvern skeleton (D:9)
  2 scorpions
  A jelly (D:9)
  8 killer bees
  6 howler monkeys
  3 crimson imps
  2 hounds (D:7)
  5 orc priests
  Crazy Yiuf (D:4)
  Natasha (thrice) (D:4)
  8 orc wizards
  4 iguanas
  3 worker ants
  A killer bee zombie (D:8)
  A big kobold zombie (Ossuary)
  A hound zombie (D:8)
  9 mummies
  A hound skeleton (D:9)
  16 adders
  6 gnolls
  3 oozes
  An adder skeleton (D:7)
  2 adder zombies
  3 worms
  4 dart slugs
  8 leopard geckos
  36 orcs
  6 giant cockroaches
  4 hobgoblins
  11 jackals
  3 quokkas
  2 ball pythons (D:3)
  A ball python skeleton (D:4)
  11 bats
  4 frilled lizards
  4 gnoll zombies
  7 goblins
  2 hobgoblin zombies (Ossuary)
  14 kobolds
  A kobold zombie (Ossuary)
  2 orc zombies (Ossuary)
  A quokka zombie (D:5)
  11 rats
298 creatures vanquished.

Vanquished Creatures (others)
  A hobgoblin (D:4)
  39 fulminant prisms
  9 plants
49 creatures vanquished.

Grand Total: 347 creatures vanquished

Notes
Turn   | Place    | Note
-------+----------+-------------------------------------------
     0 | D:1      | Monsterracer the Tengu Conjurer began the quest for the Orb.
     0 | D:1      | Reached XP level 1. HP: 10/10 MP: 4/4
   220 | D:1      | Reached XP level 2. HP: 15/15 MP: 1/6
   224 | D:1      | Learned a level 2 spell: Searing Ray
   444 | D:1      | Reached skill level 6 in Conjurations
   674 | D:1      | Reached XP level 3. HP: 19/19 MP: 4/7
   713 | D:1      | Reached skill level 5 in Spellcasting
   713 | D:1      | Reached skill level 12 in Conjurations
   713 | D:1      | Reached XP level 4. HP: 24/24 MP: 7/12
   774 | D:1      | Learned a level 4 spell: Force Lance
   779 | D:1      | Learned a level 4 spell: Fulminant Prism
  1020 | D:2      | Gained mutation: You can fly. [Tengu growth]
  1020 | D:2      | Reached XP level 5. HP: 37/37 MP: 14/14
  1025 | D:2      | Learned a level 3 spell: Dazzling Spray
  2254 | D:3      | Reached XP level 6. HP: 42/42 MP: 10/16
  2504 | D:3      | Found a shattered altar of Ashenzari.
  2633 | D:3      | Noticed Kite's ghost (amateur MiBe)
  2706 | D:3      | Killed Kite's ghost
  2706 | D:3      | Reached skill level 1 in Short Blades
  2706 | D:3      | Reached skill level 1 in Hexes
  2706 | D:3      | Reached XP level 7. HP: 30/47 MP: 2/17
  3189 | D:4      | Learned a level 1 spell: Summon Small Mammal
  3191 | D:4      | Learned a level 1 spell: Apportation
  3218 | D:4      | Found a sand-covered staircase.
  3333 | Ossuary  | Entered an ossuary
  3907 | D:4      | Reached XP level 8. HP: 52/52 MP: 0/18
  4074 | D:4      | Noticed Menkaure
  4103 | D:4      | Killed Menkaure
  4240 | D:4      | Found a runed door.
  4244 | D:4      | Noticed Crazy Yiuf
  4248 | D:4      | Killed Crazy Yiuf
  4321 | D:4      | Noticed Natasha
  4324 | D:4      | Killed Natasha
  4537 | D:4      | Got a pair of scorched gloves
  4543 | D:4      | Identified the +0 pair of gloves of Yredelemnul's Whim {rC+} (You found it on level 4 of the Dungeon)
  4753 | D:4      | Noticed Natasha
  4756 | D:4      | Killed Natasha
  4826 | D:4      | Noticed Natasha
  4831 | D:4      | Killed Natasha
  4972 | D:4      | Found a staircase to the Ecumenical Temple.
  4981 | Temple   | Entered the Ecumenical Temple
  5066 | Temple   | Became a worshipper of Vehumet
  5449 | D:4      | Found a basalt altar of Yredelemnul.
  5647 | D:5      | Entered Level 5 of the Dungeon
  5730 | D:5      | Noticed Sigmund
  5736 | D:5      | Killed Sigmund
  6259 | D:5      | Found a snail-covered altar of Cheibriados.
  6271 | D:5      | Reached XP level 9. HP: 53/56 MP: 0/19
  6677 | D:6      | Found a hide-covered altar of Uskayaw.
  6683 | D:6      | Found a shimmering altar of Xom.
  6692 | D:6      | Found a bloodstained altar of Trog.
  6853 | D:6      | Reached * piety under Vehumet
  6853 | D:6      | Offered knowledge of Sting by Vehumet.
  7156 | D:6      | Reached skill level 5 in Short Blades
  7218 | D:6      | Found a shimmering altar of Xom.
  7218 | D:6      | Found a shimmering altar of Xom.
  7220 | D:6      | Found a shimmering altar of Xom.
  7220 | D:6      | Found a shimmering altar of Xom.
  7222 | D:6      | Found a shimmering altar of Xom.
  7222 | D:6      | Found a shimmering altar of Xom.
  7230 | D:6      | Found a shimmering altar of Xom.
  7395 | D:6      | Found a glowing golden altar of the Shining One.
  8239 | D:7      | Reached XP level 10. HP: 63/63 MP: 15/20
  8820 | D:8      | Offered knowledge of Flame Tongue by Vehumet.
  8828 | D:8      | Learned a level 1 spell: Flame Tongue
  8903 | D:8      | Reached ** piety under Vehumet
  9069 | D:8      | Found a staircase to the Lair.
  9162 | D:8      | Reached skill level 1 in Shields
  9795 | D:8      | Reached skill level 1 in Long Blades
 10102 | D:9      | Paralysed by a hornet for 2 turns
 10506 | D:9      | Offered knowledge of Inner Flame by Vehumet.
 11236 | D:9      | Reached *** piety under Vehumet
 11475 | D:9      | Found a shattered altar of Ashenzari.
 11479 | D:9      | Saw a vision of the Swamp and the Spider Nest.
 11480 | D:9      | Noticed a wolf spider
 11549 | D:9      | Reached skill level 1 in Armour
 11549 | D:9      | Reached XP level 11. HP: 17/68 MP: 13/21
 11875 | D:10     | Entered Level 10 of the Dungeon
 11875 | D:10     | Found a staircase to the Orcish Mines.
 11883 | D:10     | Noticed a two-headed ogre
 11948 | D:9      | Killed a two-headed ogre
 11948 | D:9      | Reached skill level 13 in Conjurations
 12079 | D:10     | Found a bloodstained altar of Trog.
 12220 | D:10     | Noticed a skeletal warrior
 12537 | D:10     | Offered knowledge of Mephitic Cloud by Vehumet.
 12542 | D:10     | Learned a level 3 spell: Mephitic Cloud
 12811 | Lair:1   | Entered Level 1 of the Lair of Beasts
 13039 | Lair:1   | Reached skill level 1 in Air Magic
 13544 | Lair:1   | Reached skill level 1 in Fire Magic
 14062 | Lair:2   | Noticed a six-headed hydra
 14096 | Lair:1   | Killed a six-headed hydra
 14096 | Lair:1   | Reached skill level 5 in Long Blades
 14395 | Lair:2   | Noticed Lochraine's ghost (journeyman TrWr)
 14396 | Lair:2   | Found a staircase to the Swamp.
 14669 | Lair:2   | Mangled by Lochraine's ghost

Vault maps used:
D:1:      tarquinn_simple_flora_water_a, minmay_close_crescents
D:2:      first_bread, hangedman_decor_riveting
D:3:      old_standard_altar, minmay_crystal_water, eino_tiny_chamber
D:4:      lemuel_zombie_altar_yredelemnul, minmay_temple_entry_mist,
          gup_ossuary_entry_pyramid, hangedman_abyss_or_decor_passed,
          uniq_menkaure, uniq_natasha, uniq_crazy_yiuf_cottage
D:5:      cheibrodos_worm_habitat, uniq_sigmund
D:6:      lemuel_crystal_altar, grunt_temple_overflow_open,
          nicolae_xom_altar_mimics
D:7:      the_bakery, st_stairs_14, kennysheep_generic_room_15
D:8:      lair_entry_dummy
D:9:      grunt_ashenzari_visionary
D:10:     wad_woods_settlement, basic_altar,
          minmay_the_grid_triangle_9x9_rhombus_thin_mashed, uniq_erolcha
Temple:   lightli_temple_of_artemis
Lair:1:   serial_bayou_pond_c, lemuel_fruit_fields
Lair:2:   swamp_mist, zaba_anthell
Ossuary:  ossuary_tomb_3

Skill      XL: |  1  2  3  4  5  6  7  8  9 10 11 |
---------------+----------------------------------+-----
Conjurations   | 6 12 13 | 13.0
Spellcasting   | 5 6 |  6.0
Fighting       | 6 7 8 |  8.4
Dodging        | 7 8 9 |  9.5
Short Blades   | 1 2 3 6 |  6.5
Hexes          | 1 2 3 |  3.0
Shields        | 2 4 |  4.0
Long Blades    | 2 5 |  5.6
Armour         | 1 2 |  2.1
Air Magic      | 3 |  3.0
Fire Magic     | 2 |  2.0
Stealth        | |  2.0

Action                   |  1- 3 |  4- 6 |  7- 9 | 10-12 || total
-------------------------+-------+-------+-------+-------++-------
Melee: Dagger            |     1 |     1 |       |       ||     2
       Kick              |     1 |       |    25 |    22 ||    48
       Short sword       |       |       |    64 |       ||    64
       Peck              |       |       |    12 |    15 ||    27
       Long sword        |       |       |       |    47 ||    47
 Cast: Magic Dart        |    31 |   115 |   231 |   264 ||   641
       Searing Ray       |       |     8 |    20 |    57 ||    85
       Dazzling Spray    |       |     2 |       |     3 ||     5
       Fulminant Prism   |       |     1 |    17 |    21 ||    39
       Force Lance       |       |       |    10 |    17 ||    27
 Abil: Fly               |       |     1 |     1 |     2 ||     4
  Use: Potion            |     3 |     1 |     1 |     3 ||     8
       Scroll            |       |     5 |    14 |     8 ||    27
  Eat: Chunk             |       |     6 |    20 |    23 ||    49
       Fruit             |       |       |     1 |       ||     1
Armor: Robe              |       |    15 |    14 |    18 ||    47
       Skin              |       |       |     7 |       ||     7
       Troll leather arm |       |       |       |    30 ||    30
Dodge: Dodged            |     3 |    31 |    61 |   185 ||   280
Block: Buckler           |       |       |       |    40 ||    40
       Rpst.: Long sword |       |       |       |    47 ||    47
